 Dungeon Crawl Stone Soup version 0.27-a0-249-g74f53ef629 (webtiles) character file.

Game seed: 18261267654549161446

13 puppykicker the Vexing (level 2, 28/28 HPs)
             Began as an Ogre Arcane Marksman on Feb 4, 2021.
             Quit the game on level 1 of the Dungeon.
             The game lasted 00:05:59 (958 turns).

puppykicker the Vexing (Ogre Arcane Marksman)        Turns: 958, Time: 00:06:00

Health: 28/28      AC:  3    Str: 13    XL:     2   Next: 37%
Magic:  4/4        EV: 10    Int: 14    God:
Gold:   24         SH:  0    Dex:  9    Spells: 1/4 levels left

rFire    . . .     SeeInvis .   a - +0 mace
rCold    . . .     Faith    .   (no shield)
rNeg     . . .     Spirit   .   i - +0 robe
rPois    .         Reflect  .   (helmet restricted)
rElec    .         Harm     .   (no cloak)
rCorr    .         Rampage  .   (gloves unavailable)
Will     .....                  (boots unavailable)
Stlth    ++........             (no amulet)
HPRegen  0.09/turn              b - ring of stealth {Stlth+}
MPRegen  0.09/turn              (no ring)

@: no status effects
A: large, unfitting armour, tough skin 1
a: no special abilities


You were on level 1 of the Dungeon.
You visited 1 branch of the dungeon, and saw 1 of its levels.

You collected 24 gold pieces.

Inventory:

Hand Weapons
 a - a +0 mace (weapon)
Missiles
 c - 4 large rocks (quivered)
 d - 2 throwing nets
 Q - 27 stones
Armour
 i - a +0 robe (worn)
Jewellery
 b - a ring of stealth (left hand) {Stlth+}
Scrolls
 e - a scroll of remove curse {unknown}
 f - a scroll of noise {unknown}
Potions
 g - a potion of lignification {unknown}
 h - a potion of heal wounds {unknown}


   Skills:
 + Level 1.9 Fighting
 + Level 2.2 Throwing
 - Level 1.7 Dodging
 + Level 1.6 Spellcasting
 + Level 2.9 Hexes


You had one spell level left.
You knew the following spells:

 Your Spells              Type           Power        Failure   Level
a - Corona                Hex            10%          8%          1
b - Slow                  Hex            9%           11%         2

Your spell library contained the following spells:

 Spells                   Type           Power        Failure   Level
 Inner Flame              Hex/Fire       5%           38%         3
 Portal Projectile        Hex/Tloc       10%          38%         3
 Cause Fear               Hex            4%           58%         4
 Leda's Liquefaction      Hex/Erth       2%           80%         4


Dungeon Overview and Level Annotations

Branches:
Dungeon (1/15)

Altars:


Innate Abilities, Weirdness & Mutations

You are too large for most types of armour.
You have tough skin. (AC +1)


Message History

The hobgoblin hits you but does no damage.
The hobgoblin hits you with a +0 club.
You take 1 damage, and have 20/28 hp.
You hit the hobgoblin. The hobgoblin barely misses you.
You hit the hobgoblin.
You kill the hobgoblin!
No target in view!
You start resting.
Health restored: 28 Unknown command.
h - a puce potion You see here a +0 club.
Found a stone staircase leading down.
There is a stone staircase leading down here.
There is a stone staircase leading down here.
A goblin comes into view.
A goblin is nearby!
A goblin is nearby!
Unknown command.
Unknown command.

### #. .g #..
#. .# #.# #.
.. #.# ####'#.
#.# ...... #.#
#...# #..
#...# ##.
#..@##########
##.
#....>........
#..
#.....########
#.# ###...###
#.. #.....#
.##. #.....#
#.###
####....###
#.# #
...........##
#.# #
............##
#.# #


You could see a goblin (asleep).

Levels and vault maps discovered:
D:1:      dpeg_arrival_erosion, layout_basic, minmay_circled_x

Notes
Turn   | Place    | Note
-------+----------+-------------------------------------------
     0 | D:1      | puppykicker the Ogre Arcane Marksman began the quest for
                  | the Orb.
     0 | D:1      | Reached XP level 1. HP: 19/19 MP: 2/2
    15 | D:1      | Identified a ring of stealth (You found it on level 1 of
                  | the Dungeon)
    53 | D:1      | HP: 4/19 [hobgoblin (2)]
   315 | D:1      | Identified a +0 dagger
   621 | D:1      | Identified a +0 mace (You found it on level 1 of the
                  | Dungeon)
   623 | D:1      | Identified a +0 club
   624 | D:1      | Identified a +0 club
   633 | D:1      | Reached XP level 2. HP: 19/28 MP: 1/4
   849 | D:1      | Learned a level 2 spell: Slow
   958 | D:1      | Quit the game

Table legend: (Time is in decaauts)
 A = Elapsed time spent in this place.
 B = Non-inter-level travel time spent in this place.
 C = Inter-level travel time spent in this place.
 D = Time resting spent in this place.
 E = Time spent auto-exploring this place.
 F = Levels seen in this place.
 G = Mean time per level.
                   A        B        C        D        E       F      G
               +--------+--------+--------+--------+--------+-----+--------+
         Total |    969 |    969 |      0 |    518 |    325 |   1 |  969.0 |
       Dungeon |    969 |    969 |      0 |    518 |    325 |   1 |  969.0 |
               +--------+--------+--------+--------+--------+-----+--------+

Top non-repeatable levels by time:
     D:1: 969 daAuts

Table legend:
 A = Kills in this place as a percentage of kills in entire the game.
 B = Kills by you in this place as a percentage of kills by you in the entire game.
 C = Kills by friends in this place as a percentage of kills by friends in the entire game.
 D = Other kills in this place as a percentage of other kills in the entire game.
 E = Experience gained in this place as a percentage of experience gained in the entire game.
 F = Experience gained in this place divided by the number of levels of this place that you have seen.
                   A       B       C       D       E      F
               +-------+-------+-------+-------+-------+----------------------
         Total | 100.0 | 100.0 |   N/A |   N/A | 100.0 |  19.0
       Dungeon | 100.0 | 100.0 |   N/A |   N/A | 100.0 |  19.0
               +-------+-------+-------+-------+-------+----------------------

Action                   || total
-------------------------++-------
Melee: Dagger            ||    15
       Unarmed           ||    10
       Mace              ||    26
Throw: Large rock        ||     3
 Cast: Corona            ||     6
 Stab: Sleeping          ||     2
Armor: Robe              ||    15
Dodge: Dodged            ||    30

Vanquished Creatures
  A leopard gecko (D:1)
  A ball python (D:1)
  A goblin (D:1)
  3 hobgoblins (D:1)
  3 bats (D:1)
  A frilled lizard (D:1)
  A kobold (D:1)
  A rat (D:1)
12 creatures vanquished.
